Quirre, neutral male human Tourist ----- ..|.--- ---......| . - |........| -..-# |........| -..-## |........-- ##...####.........- -#.....##....--- #-.-#J#D....| #-##.@.....-- # -#.---.......| [#..<.........| [............| # #-#..........## -####---..........-##- |..|.............#.#-- |....................| #-.--................| #--|.......|.---..--- -#.-#-.---- ..| -## --- --- Quirre the Excursionist Experience level: 8 Strength: 25 Dexterity: 12 Constitution: 17 Intelligence: 12 Wisdom: 12 Charisma: 15 Health: 0(68) Energy: 40(40) Def: 14 Gold: 1507 Moves: 7018 Dungeon seed: _8sC3aqenz9H0coa Game ID: Quirre_1543914502 Your Inventory: Coins $ - 1507 gold pieces Weapons a - 36 uncursed +2 darts (in quiver) o - an uncursed +0 dwarvish short sword w - 11 blessed +3 darts H - 4 cursed -1 darts J - 48 uncursed +0 darts K - an uncursed +0 dwarvish short sword (weapon in hand) R - 25 cursed -2 darts T - a blessed +3 bow named Bow of Revenge Armor d - an uncursed +0 dwarvish cloak e - an uncursed +0 Hawaiian shirt (being worn) g - an uncursed burnt +1 pair of high boots (being worn) q - an uncursed +0 dwarvish mithril-coat (being worn) x - an uncursed +0 dwarvish roundshield (being worn) M - an uncursed +0 dwarvish iron helm (being worn) X - an uncursed +0 pair of gauntlets of power (being worn) Z - a blessed +2 dwarvish cloak (being worn) Comestibles c - 3 uncursed food rations z - an uncursed strawberry L - an uncursed apple Scrolls f - an uncursed scroll of light O - an uncursed scroll of gold detection Spellbooks b - an uncursed spellbook of force bolt Potions D - an uncursed potion of booze G - an uncursed potion of extra healing I - a potion of unholy water Wands h - an uncursed wand of teleportation (0:6) m - an uncursed wand of secret door detection (0:12) t - an uncursed wand of light (0:12) u - an uncursed wand of locking (0:6) C - an uncursed wand of digging (0:7) E - an uncursed wand of lightning (0:4) F - an uncursed wand of enlightenment (0:12) Q - an uncursed wand of undead turning (0:4) S - an uncursed wand of digging (0:5) U - an uncursed wand of magic missile (0:5) V - an uncursed wand of lightning (0:5) W - an uncursed wand of secret door detection (0:15) Tools j - an uncursed towel k - an uncursed expensive camera (0:45) l - an uncursed credit card n - an uncursed oil lamp (0:138) A - 3 uncursed wax candles (0:400) B - an uncursed lock pick Gems i - an uncursed worthless piece of yellowish brown glass p - an uncursed worthless piece of orange glass r - an uncursed touchstone s - an uncursed worthless piece of green glass v - an uncursed worthless piece of violet glass y - an uncursed jade N - an uncursed worthless piece of blue glass P - an uncursed chrysoberyl Y - 2 uncursed worthless pieces of yellow glass Spells and supernatural/magical abilities: Name Level Category Fail Memory W - pray for help -- divine ? -- Your skills at the end: Miscellaneous Skills wands [Basic] Weapon Skills short sword [Basic] dart [Skilled] Spellcasting Skills Final Attributes: You were devoutly aligned. Your writing hand was ok. You were telepathic. You were somewhat stealthy. You are dead. Vanquished creatures: a quantum mechanic 2 small mimics an ochre jelly a green slime an ettin zombie a wolf a lynx a giant spider a gnome king an orc mummy a dwarf mummy a dingo a housecat a dwarf lord a dust vortex 3 human zombies a soldier ant 2 fire ants a bugbear a shrieker 10 gnome lords 3 gnomish wizards a kobold mummy a golden naga hatchling 2 floating eyes 13 dwarves 3 homunculi 2 iguanas a rothe a rabid rat a monkey 2 dwarf zombies 2 wererats a killer bee a gas spore a hobbit 4 geckos a hobgoblin a giant rat 2 cave spiders 35 gnomes 3 garter snakes a gnome zombie 5 jackals 2 foxes 2 kobolds 4 newts 3 goblins 2 sewer rats 4 grid bugs a lichen a kobold zombie 140 creatures vanquished. Voluntary challenges: You did not adorn yourself with jewelry or accessories. You did not cause conflict. You were not invisible. You did not have reflection. You were not displaced. You used a wielded weapon 97 times, starting on turn 937. You did not apply a unicorn horn. You did not use plumbed fixtures. You read items or engraved 5 times, starting on turn 3995. You never genocided any monsters. You never polymorphed an object. You never changed form. You used no wishes. You never split a pudding. You wrote Elbereth's name 1 time, starting on turn 7018. You never violated your personal moral code. Dungeon overview: The Dungeons of Doom: levels 1 to 3 Level 1 a long staircase Level 2 an armor shop, an altar to Blind Io a magic portal Level 3 stairs to The Gnomish Mines The Gnomish Mines: levels 4 to 9 Level 4 stairs to The Dungeons of Doom Level 5 Level 6 many shops, a temple to The Lady, a magic chest, some fountains Level 7 Level 8 Level 9 <- You were here History has recorded: On T:1 you entered the Dungeons of Doom to retrieve the Amulet of Yendor! On T:392 you reached level 2 of The Dungeons of Doom. On T:486 you advanced to experience level 2. On T:1216 you reached level 3 of The Dungeons of Doom. On T:1804 you reached level 1 of The Gnomish Mines. On T:1811 you advanced to experience level 3. On T:1838 you advanced to experience level 4. On T:1987 you advanced to experience level 5. On T:2568 you reached level 2 of The Gnomish Mines. On T:2650 you reached level 3 of The Gnomish Mines. On T:2870 you advanced to experience level 6. On T:3056 you entered the Minetown temple On T:3690 you opened a magic chest. On T:4408 you reached level 4 of The Gnomish Mines. On T:5010 you advanced to experience level 7. On T:6125 you reached level 5 of The Gnomish Mines. On T:6760 you reached level 6 of The Gnomish Mines. On T:6774 you prayed to The Lady. On T:6812 you advanced to experience level 8. Score breakdown: Gold: 654 ( 65 points) Experience: 8 levels ( 700 points) Exploration: 9 levels ( 240 points) Discoveries: 46 items ( 2000 points) Variety of kills: 52 monsters ( 2000 points) Major goal: reached Minetown ( 500 points) Survival: died (score multiplied by 3) Total score: 16515 Latest messages: This floating eye corpse tastes terrible! You finish eating the floating eye corpse. You feel a strange mental acuity. $ - 31 gold pieces. a - 2 uncursed +2 darts (in quiver). The gryphon pecks! The gryphon claws you! (2x) The gryphon misses. The gryphon claws you! (2x) The gryphon is blinded by the flash! The gryphon pecks! The gryphon claws you! The gryphon misses. (2x) The gryphon claws you! (2x) The gryphon misses. (2x) The gryphon just misses! You write in the dust with your fingers. The gryphon pecks! You die... Final status: Aloha Quirre the Tourist, killed by a gryphon... You died in The Gnomish Mines on dungeon level 9 with 16515 points, and 1507 pieces of gold, after 7018 moves. You were level 8 with a maximum of 68 hit points when you died.